[Event "Titled Tuesday Blitz June 13 Late 2023"]
[White "Saveliev, Alexei"]
[Black "Bernado Lopez, Roger"]
[WhiteFideId "24128546"]
[BlackFideId "24585009"]
[WhiteElo "2271"]
[BlackElo "2097"]
[Result "1-0"]
[Round "3"]
[TimeControl "180+2"]
[Date "2023.06.13"]
[WhiteClock "0:00:13"]
[BlackClock "0:00:04"]
[Board "59"]

1. c4 e6 2. Nc3 d5 3. cxd5 exd5 4. d4 c6 5. Nf3 Bf5 6. Bg5 Be7 7. Bxe7 Qxe7 8. e3 Nf6 9. Bd3 Bxd3 10. Qxd3 Nbd7 11. O-O O-O 12. Rab1 a5 13. Qc2 Rfe8 14. a3 Nb6 15. Ne5 Nfd7 16. Nd3 Nc4 17. Rbe1 Qh4 18. g3 Qh6 19. Kg2 Qg6 20. Rc1 Rxe3 21. Nf4 Qxc2 22. Rxc2 Ree8 23. b3 Nd6 24. Na4 g6 25. h4 h5 26. Rb1 Nb5 27. Rd2 Nxa3 28. Ra1 Nb5 29. Rh1 Re4 30. Rhd1 Rae8 31. Kf1 Kg7 32. Nh3 f6 33. Ng1 Nf8 34. Nc5 R4e7 35. Nf3 Nd7 36. Na4 Nd6 37. Rb2 Nf5 38. Nc3 Nf8 39. b4 axb4 40. Rxb4 Ne6 41. Ra4 b5 42. Ra6 Rc7 43. Rb6 Kf7 44. Kg2 Ra8 45. Rc1 Nfxd4 46. Nxd4 Nxd4 47. Nxd5 Rca7 48. Nb4 Rc8 49. Nxc6 Nxc6 50. Rcxc6 Rxc6 51. Rxc6 Rb7 52. Kf3 b4 53. Rc2 b3 54. Rb2 Ke6 55. Ke4 Rb4+ 56. Kd3 Ke5 57. Kc3 Rb8 58. Re2+ Kf5 59. Kb2 Kg4 60. Re6 Kf5 61. Rc6 Ke5 62. Rc5+ Ke4 63. Rc6 Ke5 64. Rc5+ Ke6 65. Rc6+ Ke7 66. Rc7+ Kd6 67. Rg7 Ke5 68. Rxg6 Kf5 69. Rh6 Re8 70. Rxh5+ Kg4 71. Rh6 Re2+ 72. Kxb3 Rxf2 73. Rg6+ Kh5 74. Rg8 f5 75. Kc3 f4 76. Rg5+ Kh6 77. g4 f3 78. Kd3 Rh2 79. Rh5+ Kg6 80. Ke3 f2 81. Ke2 Kg7 82. Kf1 Rh1+ 83. Kxf2 Ra1 84. Rf5 Ra2+ 85. Kg3 Ra4 86. h5 Kh7 87. Kh4 Kg7 88. Kg5 Ra6 89. Rb5 Rc6 90. Rb7+ Kg8 91. h6 Rc5+ 92. Kg6 Rc6+ 93. Kh5 Rc5+ 94. g5 Rc1 95. Ra7 Rc6 96. g6 Rc5+ 97. Kg4 Rc4+ 98. Kf5 Rc5+ 99. Kf4 Rc4+ 100. Ke5 Rc5+ 101. Kd4 Rc8 102. Kd5 Rf8 103. Ke6 Kh8 1-0


[Site "https://www.chess.com"]

[Event "Titled Tuesday Blitz June 13 Late 2023"]
[White "Erigaisi Arjun"]
[Black "Sreyas Payyappat"]
[WhiteFideId "35009192"]
[BlackFideId "46674969"]
[WhiteElo "2719"]
[BlackElo "2043"]
[Result "0-1"]
[Round "3"]
[TimeControl "180+2"]
[Date "2023.06.13"]
[WhiteClock "0:01:01"]
[BlackClock "0:00:52"]
[Board "60"]

1. g3 Nf6 2. Bg2 c5 3. e4 Nc6 4. Ne2 g6 5. d3 Bg7 6. Nbc3 O-O 7. h4 e6 8. h5 Nxh5 9. Be3 b6 10. Qd2 Bb7 11. Bh6 Qf6 12. g4 Bxh6 13. Qxh6 Qg7 14. Qd2 Nf6 15. g5 Nh5 16. Bf3 f5 17. Bxh5 gxh5 18. Ng3 Nd4 19. O-O-O Nf3 20. Qe3 Qxg5 21. Rxh5 Qxe3+ 22. fxe3 fxe4 23. Ncxe4 Bxe4 24. Nxe4 d5 25. Nf2 Rf7 26. Ng4 Rg7 27. Nh6+ Kh8 28. Rf1 Rf8 29. Kd1 Rg2 30. Rh3 Rg1 31. Rxg1 Nxg1 32. Rg3 Nf3 33. Ke2 Ne5 34. d4 Ng6 35. Ng4 Kg7 36. Ne5 Rf5 37. b3 cxd4 38. exd4 Kf6 39. Nc6 h5 40. Nxa7 h4 41. Rg1 h3 42. Rh1 Kg5 43. Nc8 Kg4 44. Nxb6 Nf4+ 45. Kd2 Kg3 46. a4 Kg2 47. Ra1 h2 48. a5 Nh3 49. a6 Rf7 50. Kc3 Ra7 51. Nc8 Rc7+ 0-1


[Site "https://www.chess.com"]

[Event "Titled Tuesday Blitz June 13 Late 2023"]
[White "angelgab3"]
[Black "Mikaelyan, Arman"]
[BlackFideId "13304852"]
[WhiteElo "2523"]
[BlackElo "2456"]
[Result "1/2-1/2"]
[Round "3"]
[TimeControl "180+2"]
[Date "2023.06.13"]
[WhiteClock "0:00:29"]
[BlackClock "0:00:22"]
[Board "61"]

1. e4 b6 2. d4 Bb7 3. Nc3 e6 4. Bd3 Bb4 5. Ne2 Nf6 6. O-O d5 7. e5 Ne4 8. a3 Bxc3 9. bxc3 Ba6 10. a4 h6 11. Ba3 c5 12. Re1 O-O 13. Bxe4 dxe4 14. Ng3 Qd5 15. dxc5 bxc5 16. Rxe4 Nd7 17. Qxd5 exd5 18. Ree1 Rfe8 19. f4 Rac8 20. Nf5 Rc6 21. Nd6 Rb8 22. Rad1 Nb6 23. a5 Nc4 24. Nxc4 Bxc4 25. Rb1 Rb5 26. Rxb5 Bxb5 27. Rd1 Bc4 28. Rb1 d4 29. Rb8+ Kh7 30. Rb7 dxc3 31. Rxa7 Bd5 32. Rd7 Be4 33. Rd6 Rc8 34. Rd1 Ra8 35. Bxc5 Rxa5 36. Bb4 Ra2 37. Bxc3 Rxc2 38. Bd2 Kg6 39. h3 h5 40. Re1 Kf5 41. Re2 Bd3 42. Rf2 h4 43. Kh2 Ke4 44. Be1 Rc1 45. Ba5 g6 46. Bd8 Rf1 47. Bxh4 Rxf2 48. Bxf2 Kxf4 49. Bg3+ Ke4 50. Kg1 Bc4 51. Kf2 Bd5 52. Bh2 Kf5 53. g4+ Ke6 54. Ke3 f6 55. exf6 Kxf6 56. Kf4 g5+ 57. Kg3 Kg6 58. Bg1 Be4 59. Bd4 Bd5 60. Be5 Be4 61. Bb2 Bd5 62. Bc1 Bc6 63. Bd2 Bd5 64. Be3 Bc6 65. Kf2 Bd5 66. Kg3 Bc6 67. Ba7 Bd5 68. Bb8 Bc6 69. Bc7 Bd5 70. Bd6 Bc6 71. Be7 Bd5 72. Bd8 Bc6 73. Be7 Bd5 74. Bxg5 Kxg5 75. h4+ Kg6 76. Kf4 Be6 77. Kg3 Bd7 78. Kf4 Bc8 79. Kg3 Bd7 80. Kf4 Bc8 81. Kg3 Bd7 1/2-1/2


[Site "https://www.chess.com"]

[Event "Titled Tuesday Blitz June 13 Late 2023"]
[White "Henriquez Villagra, Cristobal"]
[Black "Siniauski, Artsiom"]
[WhiteFideId "3409350"]
[BlackFideId "13512269"]
[WhiteElo "2542"]
[BlackElo "2065"]
[Result "0-1"]
[Round "3"]
[TimeControl "180+2"]
[Date "2023.06.13"]
[WhiteClock "0:00:16"]
[BlackClock "0:00:09"]
[Board "62"]

1. e4 e6 2. d4 d5 3. e5 c5 4. c3 Qb6 5. Nf3 Bd7 6. Be2 Bb5 7. dxc5 Bxc5 8. O-O Bxe2 9. Qxe2 Qa6 10. Qd1 Nd7 11. a4 Ne7 12. b4 Bb6 13. Ba3 Bc7 14. b5 Qb6 15. c4 Nxe5 16. Re1 Nxc4 17. Bxe7 Kxe7 18. Qxd5 Ne5 19. Qe4 Nxf3+ 20. Qxf3 Rhd8 21. Nc3 Kf8 22. Ne4 a6 23. Ng5 Rd7 24. Nxe6+ Kg8 25. Nxc7 Qxc7 26. Rab1 axb5 27. axb5 h6 28. b6 Qd6 29. g3 Rad8 30. Kg2 g6 31. Re4 Kg7 32. Qc3+ Qf6 33. Qe3 h5 34. h4 Rd2 35. Rf4 Qc6+ 36. Qf3 Qxf3+ 37. Rxf3 R8d6 38. Rb4 Rc2 39. Rbf4 Rd7 40. Rb4 Rc6 41. Kf1 Rdd6 42. Rfb3 Kf6 43. Ke2 Ke7 44. Ke3 Kd7 45. Kf4 Rd5 46. f3 Rf5+ 47. Ke4 Re6+ 48. Kd4 Rd6+ 49. Ke3 Rc5 50. g4 Kc6 51. Kf4 Rf6+ 52. Kg3 hxg4 53. fxg4 Rd5 54. Rc3+ Rc5 55. Rcb3 Re6 56. Rf4 f6 57. Rbf3 Kxb6 58. Rxf6 Rcc6 59. Rxe6 Rxe6 60. Kf4 Rf6+ 61. Kg3 Re6 62. g5 Kc5 63. Rf6 Kd5 64. Kf4 Rxf6+ 65. gxf6 Ke6 66. Kg5 Kf7 67. h5 gxh5 68. Kxh5 Kxf6 69. Kg4 Ke5 70. Kf3 Kd4 71. Ke2 Kc3 72. Kd1 b5 73. Kc1 b4 74. Kb1 Kb3 75. Ka1 Kc2 0-1


[Site "https://www.chess.com"]

[Event "Titled Tuesday Blitz June 13 Late 2023"]
[White "Pert, Richard G"]
[Black "Babazada, Khazar"]
[WhiteFideId "404748"]
[BlackFideId "13413554"]
[WhiteElo "2441"]
[BlackElo "2369"]
[Result "0-1"]
[Round "3"]
[TimeControl "180+2"]
[Date "2023.06.13"]
[WhiteClock "0:00:00"]
[BlackClock "0:01:16"]
[Board "63"]

1. d4 Nf6 2. Bg5 c5 3. Nc3 cxd4 4. Qxd4 Nc6 5. Qh4 d5 6. O-O-O Be6 7. e4 d4 8. e5 Qa5 9. Rxd4 Nxd4 10. Qxd4 Nd7 11. Nf3 a6 12. Be2 g6 13. Rd1 Bg7 14. Bc4 Qc7 15. Nd5 Bxd5 16. Qxd5 O-O 17. Bxe7 Nb6 18. Qd6 Qxd6 19. exd6 Nxc4 20. Bxf8 Kxf8 21. Ng5 h6 22. Ne4 Bxb2+ 23. Kb1 Be5 24. g3 Rd8 25. d7 Nd6 26. Nc5 b6 27. f4 bxc5 28. fxe5 Nc4 29. Rd5 Ke7 30. c3 Ke6 31. Rxc5 Nxe5 32. Ra5 Rxd7 33. Rxa6+ Kd5 34. Kc2 Nc4 35. Rf6 Re7 36. a4 Re2+ 37. Kd1 Rxh2 38. Rxf7 Ke4 39. Rf6 Kd3 40. Ke1 Ne5 41. a5 Kxc3 42. a6 Ra2 43. Kf1 Kd4 44. Re6 Ke4 45. g4 Kf4 46. Ke1 g5 47. Rxh6 Kxg4 48. Kd1 Kf5 49. Kc1 g4 50. Kb1 Ra5 51. Kb2 g3 52. Kc3 g2 53. Rh5+ Kf4 0-1


[Site "https://www.chess.com"]

[Event "Titled Tuesday Blitz June 13 Late 2023"]
[White "Maksimovic, Bojan"]
[Black "Golubev, Mikhail"]
[WhiteFideId "14408120"]
[BlackFideId "14100983"]
[WhiteElo "2457"]
[BlackElo "2374"]
[Result "1-0"]
[Round "3"]
[TimeControl "180+2"]
[Date "2023.06.13"]
[WhiteClock "0:03:10"]
[BlackClock "0:00:00"]
[Board "64"]

1. e4 c5 2. Nf3 d6 3. d4 cxd4 4. Nxd4 Nf6 5. Nc3 g6 6. Be3 Bg7 7. f3 Nc6 8. Qd2 O-O 9. g4 Nxd4 10. Bxd4 Be6 11. O-O-O Qa5 12. a3 Rfc8 13. Kb1 Rab8 14. h4 b5 15. Nd5 Qxd2 16. Rxd2 Bxd5 17. exd5 a5 18. h5 Nd7 19. g5 Bxd4 20. Rxd4 1-0


[Site "https://www.chess.com"]

[Event "Titled Tuesday Blitz June 13 Late 2023"]
[White "Remizov, Yaroslav"]
[Black "Berezin, Viktor"]
[WhiteFideId "34134015"]
[BlackFideId "14107872"]
[WhiteElo "2405"]
[BlackElo "2310"]
[Result "1-0"]
[Round "3"]
[TimeControl "180+2"]
[Date "2023.06.13"]
[WhiteClock "0:00:02"]
[BlackClock "0:00:06"]
[Board "65"]

1. Nf3 Nf6 2. c4 g6 3. b3 Bg7 4. Bb2 O-O 5. g3 d6 6. d4 Nc6 7. Bg2 e5 8. dxe5 Ng4 9. O-O Ngxe5 10. Nc3 Nxf3+ 11. Bxf3 Bh3 12. Re1 Re8 13. Qd2 Rb8 14. Rad1 h5 15. Nd5 Ne5 16. Bg2 Bxg2 17. Kxg2 h4 18. f4 Nd7 19. Bxg7 Kxg7 20. Qc3+ f6 21. e4 hxg3 22. hxg3 c6 23. Ne3 Rxe4 24. Rxd6 Qe7 25. Red1 Nc5 26. Kf3 Re8 27. Ng4 Rd4 28. Qe1 Qxd6 29. Rxd4 Qxd4 30. Qxe8 Qd1+ 31. Qe2 Qh1+ 32. Ke3 Qe4+ 33. Kf2 Qd4+ 34. Kg2 Ne4 35. Nf2 f5 36. Nd3 Kf6 37. Ne5 Nc3 38. Qf2 Qe4+ 39. Nf3 Nd1 40. Qd2 Ne3+ 41. Kf2 Ng4+ 42. Kg2 Ne3+ 43. Kf2 Kf7 44. Qd7+ Kf8 45. Qd8+ Kf7 46. Ng5+ Kg7 47. Nxe4 Ng4+ 48. Kf3 1-0


[Site "https://www.chess.com"]

[Event "Titled Tuesday Blitz June 13 Late 2023"]
[White "Rustemov, Alexander"]
[Black "Petesch, Gabriel"]
[WhiteFideId "4119002"]
[BlackFideId "2032465"]
[WhiteElo "2799"]
[BlackElo "2374"]
[Result "1-0"]
[Round "3"]
[TimeControl "180+2"]
[Date "2023.06.13"]
[WhiteClock "0:00:32"]
[BlackClock "0:00:00"]
[Board "66"]

1. d4 d5 2. c4 c6 3. Nc3 Nf6 4. e3 g6 5. Nf3 Bg7 6. Bd3 O-O 7. O-O b6 8. Qe2 Bb7 9. Rd1 Nbd7 10. e4 dxe4 11. Bxe4 Nxe4 12. Nxe4 Nf6 13. Nc3 Qc7 14. Bg5 Rad8 15. Re1 h6 16. Bh4 e6 17. Rad1 a6 18. Bg3 Qe7 19. Na4 Nd7 20. Bc7 Rc8 21. Bxb6 Qb4 22. Nc5 Nxb6 23. Nxb7 Nxc4 24. Nc5 Qb5 25. b3 Nd6 26. Nxa6 Ra8 27. Qxb5 Nxb5 28. Nb4 c5 29. dxc5 Bc3 30. Re4 Rfd8 31. Rxd8+ Rxd8 32. g3 Rd1+ 33. Kg2 Rc1 34. Nd3 Rc2 35. a4 Nc7 36. b4 Nd5 37. b5 Ba5 38. b6 Kf8 39. Nfe5 Ke8 40. Rc4 Rxc4 41. Nxc4 Bc3 42. c6 Kd8 43. a5 Kc8 44. a6 Kb8 45. a7+ Ka8 46. c7 1-0


[Site "https://www.chess.com"]

[Event "Titled Tuesday Blitz June 13 Late 2023"]
[White "Taboas Rodriguez, Daniel"]
[Black "Miladinovic, Igor"]
[WhiteFideId "2208466"]
[BlackFideId "4203380"]
[WhiteElo "2365"]
[BlackElo "2568"]
[Result "0-1"]
[Round "3"]
[TimeControl "180+2"]
[Date "2023.06.13"]
[WhiteClock "0:00:00"]
[BlackClock "0:00:20"]
[Board "67"]

1. d4 d5 2. Nf3 Bf5 3. c4 e6 4. Nc3 Nc6 5. Bf4 Bd6 6. Bxd6 Qxd6 7. e3 a6 8. Bd3 Bg4 9. O-O Nf6 10. h3 Bh5 11. cxd5 exd5 12. Be2 Bxf3 13. Bxf3 Ne7 14. Rb1 O-O 15. b4 c6 16. Na4 Nc8 17. Qd3 Qe7 18. Nc5 Nd6 19. a4 g6 20. Be2 Kg7 21. Qc2 Rfc8 22. Rfc1 Nfe4 23. Nxe4 Nxe4 24. Bd3 Nd6 25. Qc5 Qd8 26. Rb2 a5 27. Rcb1 axb4 28. Rxb4 Ra5 29. Qc3 Ra7 30. f3 Qg5 31. Bc2 Nc4 32. e4 Rc7 33. Bb3 Nd2 34. Re1 Re7 35. Bc2 Nc4 36. Bd3 b5 37. axb5 Ra3 38. Rb3 Rxb3 39. Qxb3 Qd2 40. Re2 Qc1+ 41. Kh2 Nd2 42. bxc6 Nxb3 0-1


[Site "https://www.chess.com"]

[Event "Titled Tuesday Blitz June 13 Late 2023"]
[White "Osmak, Yuliia"]
[Black "Herrera Reyes, Jose Antonio"]
[WhiteFideId "14101602"]
[BlackFideId "2274914"]
[WhiteElo "2303"]
[BlackElo "2272"]
[Result "0-1"]
[Round "3"]
[TimeControl "180+2"]
[Date "2023.06.13"]
[WhiteClock "0:00:03"]
[BlackClock "0:00:34"]
[Board "68"]

1. c4 Nf6 2. Nc3 c5 3. Nf3 b6 4. d4 cxd4 5. Nxd4 Bb7 6. f3 a6 7. e4 e6 8. Be3 Qc7 9. Be2 Be7 10. O-O d6 11. Qd2 Nbd7 12. Rac1 Rc8 13. Rfd1 Qb8 14. b4 h5 15. a3 h4 16. Nb3 h3 17. g3 Qa8 18. Na4 Bxe4 19. fxe4 Qxe4 20. Bf1 Ne5 21. Nd4 Nfg4 22. Bf4 Nxh2 23. Qxh2 Ng4 24. Bg2 Qg6 25. Qh1 h2+ 26. Kf1 e5 27. Bc6+ Kf8 28. Nxb6 Rxc6 29. Nxc6 exf4 30. Nxe7 Ne3+ 31. Ke1 Qxg3+ 32. Ke2 Kxe7 33. Nd5+ Kf8 34. Nxe3 Qxe3+ 35. Kf1 Rh3 36. Qa8+ Ke7 37. Qb7+ Kf6 38. Rxd6+ Kg5 39. Qd5+ f5 40. Qg2+ Rg3 41. Qxh2 Qxc1+ 42. Kf2 Qc2+ 43. Kf1 Qxh2 0-1


[Site "https://www.chess.com"]

[Event "Titled Tuesday Blitz June 13 Late 2023"]
[White "Mahdavi, Reza"]
[Black "HamedWafa4"]
[WhiteFideId "12595926"]
[WhiteElo "2395"]
[BlackElo "2515"]
[Result "0-1"]
[Round "3"]
[TimeControl "180+2"]
[Date "2023.06.13"]
[WhiteClock "0:00:19"]
[BlackClock "0:01:20"]
[Board "69"]

1. e4 e5 2. f4 exf4 3. Nf3 Ne7 4. d4 d5 5. Bd3 Ng6 6. Qe2 Be7 7. h4 Nxh4 8. Bxf4 Nxf3+ 9. Qxf3 dxe4 10. Qxe4 Nc6 11. c3 Be6 12. Nd2 Qd7 13. O-O-O g6 14. Kb1 O-O-O 15. Ka1 Bf5 16. Qe2 Bxd3 17. Qxd3 f5 18. Nf3 Qd5 19. c4 Qa5 20. a3 Bf6 21. d5 Nb4 22. Qb3 Na6 23. Be3 Rhe8 24. Bxa7 b6 25. Qb5 Qxb5 26. cxb5 Nc5 27. d6 h5 28. Ka2 Kb7 29. b4 Ne4 30. dxc7 Rxd1 31. Rxd1 Nc3+ 32. Kb3 Nxd1 0-1


[Site "https://www.chess.com"]

[Event "Titled Tuesday Blitz June 13 Late 2023"]
[White "Peycheva, Gergana"]
[Black "Klukin, Kirill"]
[WhiteFideId "2916711"]
[BlackFideId "24199273"]
[WhiteElo "2216"]
[BlackElo "2344"]
[Result "0-1"]
[Round "3"]
[TimeControl "180+2"]
[Date "2023.06.13"]
[WhiteClock "0:00:01"]
[BlackClock "0:00:50"]
[Board "70"]

1. d4 Nf6 2. c4 Nc6 3. Nf3 e6 4. a3 d6 5. Nc3 g6 6. e4 Bg7 7. Be2 O-O 8. O-O Re8 9. Bg5 h6 10. Be3 e5 11. d5 Nd4 12. Nxd4 exd4 13. Bxd4 Nxe4 14. Bxg7 Kxg7 15. Nxe4 Rxe4 16. Bd3 Rd4 17. Qc2 Qf6 18. Rfe1 Bd7 19. Re3 Re8 20. Rae1 Rxe3 21. Rxe3 h5 22. h3 b6 23. Qe2 b5 24. cxb5 Rxd5 25. Re7 Re5 26. Rxe5 Qxe5 27. Qxe5+ dxe5 28. Kf1 h4 29. Ke2 f5 30. Ke3 Kf6 31. Bc4 g5 32. f3 Ke7 33. b4 Kd6 34. a4 Be6 35. Bd3 Kd5 36. Bb1 f4+ 37. Kd2 Kd4 38. Bc2 Bc4 39. Bf5 Bf1 40. Be6 Bxg2 41. Bg4 Bf1 42. Bf5 Bc4 43. Bd7 Bb3 44. a5 Bd5 45. Bf5 Bxf3 0-1


[Site "https://www.chess.com"]

[Event "Titled Tuesday Blitz June 13 Late 2023"]
[White "Fedotov, Nikita"]
[Black "Bordi, Kevin"]
[WhiteFideId "24161446"]
[BlackFideId "621862"]
[WhiteElo "2211"]
[BlackElo "2729"]
[Result "0-1"]
[Round "3"]
[TimeControl "180+2"]
[Date "2023.06.13"]
[WhiteClock "0:00:31"]
[BlackClock "0:01:10"]
[Board "71"]

1. e4 d5 2. exd5 Qxd5 3. Nc3 Qa5 4. d4 Nf6 5. Bc4 Bg4 6. f3 Bf5 7. Ne2 e6 8. O-O c6 9. Bf4 Nbd7 10. a3 Be7 11. b4 Qd8 12. Ng3 Bg6 13. Nge4 O-O 14. Qe2 Nb6 15. Rad1 Nxc4 16. Qxc4 Nd5 17. Bg3 a5 18. Nc5 Bxc5 19. dxc5 axb4 20. axb4 Qf6 21. Ne4 Qb2 22. Rb1 Qa2 23. Qxa2 Rxa2 24. Nd6 Rxc2 25. Nxb7 Ne3 26. Na5 Nxf1 27. Rxf1 Bd3 28. Rd1 Bb5 29. Bd6 Ra8 30. h4 h6 31. Rd4 f6 32. Bg3 e5 33. Rd7 Rb2 34. Be1 Rb1 35. Kf2 Re8 36. Nb7 e4 37. Nd6 e3+ 38. Kg3 Rxe1 39. Nxe8 e2 40. Re7 Kf8 41. Re3 Rd1 42. Kf2 Rf1+ 0-1


[Site "https://www.chess.com"]

[Event "Titled Tuesday Blitz June 13 Late 2023"]
[White "Perske, Thore"]
[Black "Lin, Dachey"]
[WhiteFideId "12902195"]
[BlackFideId "2029650"]
[WhiteElo "2336"]
[BlackElo "2313"]
[Result "1-0"]
[Round "3"]
[TimeControl "180+2"]
[Date "2023.06.13"]
[WhiteClock "0:00:15"]
[BlackClock "0:00:17"]
[Board "72"]

1. d4 g6 2. g3 Bg7 3. Bg2 c5 4. dxc5 Na6 5. e4 Nxc5 6. Ne2 d6 7. Nbc3 Nf6 8. O-O O-O 9. h3 a6 10. a4 Be6 11. Re1 Rc8 12. Nf4 Bd7 13. a5 Ne6 14. Nfd5 Rc5 15. Be3 Rc8 16. Nb6 Rc7 17. Ncd5 Nxd5 18. exd5 Nc5 19. Nxd7 Nxd7 20. c3 Ne5 21. Bb6 Qc8 22. Bxc7 Qxc7 23. Qb3 Re8 24. Re2 Bf6 25. Qb6 Qc8 26. Ra4 h5 27. Rb4 Nd3 28. Rbe4 h4 29. R2e3 Nc5 30. g4 Nxe4 31. Rxe4 Be5 32. Rb4 Rf8 33. Qxb7 Qc5 34. Qb6 Qc8 35. Qc6 Qd8 36. Rb6 f5 37. Rxa6 fxg4 38. hxg4 h3 39. Bxh3 e6 40. Qb6 Qh4 41. Bg2 Bh2+ 42. Kf1 Qxg4 43. Qe3 Qd1+ 44. Qe1 Rxf2+ 45. Kxf2 Bg3+ 46. Kxg3 Qxe1+ 47. Kh2 exd5 48. Ra8+ Kg7 49. a6 Qe5+ 50. Kh1 Qe1+ 51. Kh2 d4 52. a7 Qh4+ 53. Kg1 Qe1+ 54. Kh2 d3 55. Rg8+ Kxg8 56. a8=Q+ Kh7 57. Qb7+ Kh6 58. Qc8 Qe5+ 59. Kg1 d2 60. Qh3+ Kg7 61. Bf3 Qe3+ 62. Kh2 Qf2+ 63. Qg2 Qh4+ 64. Kg1 Qe1+ 65. Qf1 Qe3+ 66. Kh1 g5 67. Kg2 Kh6 68. Qe2 Qf4 69. Qd1 Kg6 70. Bg4 Kf6 71. Bf3 Ke5 72. Bg4 d5 73. Bf3 Kd6 74. b4 Qe3 75. Bg4 Ke5 76. b5 Kf4 77. Qf3+ Qxf3+ 78. Bxf3 Ke3 79. b6 g4 80. Bxg4 1-0


[Site "https://www.chess.com"]

[Event "Titled Tuesday Blitz June 13 Late 2023"]
[White "Tanenbaum, Zachary"]
[Black "Jakic, Ivan"]
[WhiteFideId "2060850"]
[BlackFideId "14504901"]
[WhiteElo "2207"]
[BlackElo "2365"]
[Result "1-0"]
[Round "3"]
[TimeControl "180+2"]
[Date "2023.06.13"]
[WhiteClock "0:00:15"]
[BlackClock "0:00:43"]
[Board "73"]

1. e4 c5 2. Nf3 d6 3. d4 cxd4 4. Nxd4 Nf6 5. Nc3 a6 6. Be3 e6 7. f3 b5 8. Qd2 Nbd7 9. g4 Nb6 10. O-O-O Bb7 11. g5 Nfd7 12. a3 Rc8 13. h4 Ne5 14. f4 Nec4 15. Bxc4 Nxc4 16. Qd3 Qc7 17. Bd2 Be7 18. h5 Nxd2 19. Qxd2 O-O 20. g6 Bf6 21. Qh2 Qc5 22. h6 fxg6 23. hxg7 Bxg7 24. Qxh7+ Kf7 25. Rhg1 Qh5 26. Qxh5 gxh5 27. Rxg7+ Kxg7 28. Nxe6+ Kh6 29. Nxf8 Rxf8 30. Rxd6+ Kg7 31. f5 h4 32. Rg6+ Kh7 33. Rg4 Kh6 34. Rxh4+ Kg5 35. Rh7 Ba8 36. Rg7+ Kf4 37. Re7 a5 38. b4 axb4 39. axb4 Rc8 40. Kb2 Rc4 41. Kb3 Bc6 42. f6 1-0


[Site "https://www.chess.com"]

[Event "Titled Tuesday Blitz June 13 Late 2023"]
[White "Toniutti, Ezio"]
[Black "Rosen, Eric"]
[WhiteFideId "113034"]
[BlackFideId "2032562"]
[WhiteElo "2215"]
[BlackElo "2331"]
[Result "0-1"]
[Round "3"]
[TimeControl "180+2"]
[Date "2023.06.13"]
[WhiteClock "0:00:00"]
[BlackClock "0:00:03"]
[Board "74"]

1. d4 d5 2. c4 e6 3. Nf3 Nf6 4. g3 dxc4 5. Bg2 Bb4+ 6. Bd2 c5 7. O-O O-O 8. dxc5 Bxc5 9. Qc2 Nbd7 10. Qxc4 b5 11. Qxb5 Rb8 12. Qd3 Rxb2 13. Nc3 Nb6 14. Rfc1 Qxd3 15. exd3 Bb4 16. Be3 Nfd5 17. Nd1 Ba3 18. Nxb2 Bxb2 19. Bd2 Ba6 20. Ne1 Bxa1 21. Rxa1 Rc8 22. a4 Nc3 23. Bxc3 Rxc3 24. a5 Nd5 25. Rb1 g6 26. Be4 Nf6 27. Rd1 Ra3 28. Rc1 Rxa5 29. Kg2 Ra2 30. Rc7 Ng4 31. Rxa7 Rxf2+ 32. Kg1 Bb5 33. h3 Re2 34. hxg4 Rxe1+ 35. Kf2 Rc1 36. g5 Kg7 37. Ke3 Re1+ 38. Kf4 Rf1+ 39. Ke3 Rg1 40. Rb7 Ba4 41. Ra7 Bb3 42. Kf2 Rd1 43. Ke3 Re1+ 44. Kd2 Rg1 45. Ra3 Bd5 46. Bxd5 exd5 47. d4 Rg2+ 48. Ke1 h6 49. Kf1 Rd2 50. gxh6+ Kxh6 51. Ra7 f5 52. Ra8 Rxd4 53. Rd8 Kg5 54. Kf2 Kg4 55. Rd6 g5 56. Ke3 Ra4 57. Rxd5 Ra3+ 58. Kf2 Rxg3 59. Rxf5 Ra3 60. Rf8 Ra2+ 61. Kf1 Kg3 62. Rc8 Ra1+ 63. Ke2 g4 64. Rc3+ Kg2 65. Rc2 g3 66. Ke3+ Kh1 67. Kf3 g2 0-1


[Site "https://www.chess.com"]

[Event "Titled Tuesday Blitz June 13 Late 2023"]
[White "benny_aizenberg"]
[Black "Girsh, Daniel"]
[BlackFideId "30949190"]
[WhiteElo "2678"]
[BlackElo "2075"]
[Result "1-0"]
[Round "3"]
[TimeControl "180+2"]
[Date "2023.06.13"]
[WhiteClock "0:01:46"]
[BlackClock "0:01:50"]
[Board "75"]

1. g4 d5 2. g5 e5 3. h4 Nc6 4. Bg2 h6 5. d3 hxg5 6. hxg5 Rxh1 7. Bxh1 Be7 8. Nc3 Bxg5 9. Nxd5 Bxc1 10. Qxc1 Be6 11. c4 Nge7 12. Nxe7 Qxe7 13. Bxc6+ bxc6 14. Nf3 f6 15. Qc3 Rb8 16. O-O-O Kf7 17. Rg1 Bf5 18. Qa5 a6 19. Nd2 Rb6 20. Nb3 e4 21. Qxf5 exd3 22. exd3 a5 23. Qxa5 Qe2 24. Qd2 Qf3 25. Qe3 Qf5 26. Re1 Qd7 27. Qe4 Ra6 28. Nc5 1-0


[Site "https://www.chess.com"]

[Event "Titled Tuesday Blitz June 13 Late 2023"]
[White "Sai Krishna G V"]
[Black "Haszon, David"]
[WhiteFideId "5028280"]
[BlackFideId "733610"]
[WhiteElo "2359"]
[BlackElo "2210"]
[Result "1-0"]
[Round "3"]
[TimeControl "180+2"]
[Date "2023.06.13"]
[WhiteClock "0:00:40"]
[BlackClock "0:00:00"]
[Board "76"]

1. e4 c5 2. Nf3 e6 3. d4 cxd4 4. Nxd4 Nf6 5. Nc3 Nc6 6. Nxc6 bxc6 7. Bd3 d5 8. O-O Bd6 9. Qf3 Rb8 10. b3 Be5 11. Bb2 Bb7 12. Rfe1 d4 13. Na4 Qc7 14. Qh3 c5 15. g3 Bd6 16. f4 e5 17. f5 Bc6 18. Ba3 Qa5 19. g4 Bxa4 20. bxa4 Qxa4 21. g5 Nd7 22. Bf1 Qxc2 23. g6 f6 24. Rac1 Qxa2 25. Bc4 Qd2 26. gxh7 Qh6 27. Qxh6 gxh6 28. Bg8 Ke7 29. Kf2 Nf8 30. Bxc5 Nxh7 31. Be6 Ng5 32. Bd5 Rb2+ 33. Kg3 h5 34. h4 Nf7 35. Bxd6+ Nxd6 36. Rc7+ Kd8 37. Rxa7 Re8 38. Rc1 Nc8 39. Ra8 Ke7 40. Rcxc8 Rxc8 41. Rxc8 d3 42. Rc7+ Kd6 43. Rc6+ Kd7 44. Rc3 d2 45. Rd3 Kd6 46. Kf3 Kc5 47. Ke2 d1=Q+ 48. Kxd1 Rh2 49. Rc3+ Kd4 50. Rc6 Kd3 51. Kc1 Rh1+ 52. Kb2 Rh2+ 53. Kb3 Rxh4 54. Rxf6 Rf4 55. Rf8 h4 56. f6 Ke3 57. f7 Kf3 58. Rh8 Kg3 59. Rg8+ Kf2 60. f8=Q Rxf8 61. Rxf8+ Kg3 62. Rf5 h3 63. Rxe5 1-0


[Site "https://www.chess.com"]

[Event "Titled Tuesday Blitz June 13 Late 2023"]
[White "Hnydiuk, Aleksander"]
[Black "Ashraf, Artin"]
[WhiteFideId "1109057"]
[BlackFideId "22514805"]
[WhiteElo "2374"]
[BlackElo "2224"]
[Result "1-0"]
[Round "3"]
[TimeControl "180+2"]
[Date "2023.06.13"]
[WhiteClock "0:01:32"]
[BlackClock "0:00:45"]
[Board "77"]

1. e4 c5 2. Nf3 d6 3. d4 cxd4 4. Nxd4 Nf6 5. Nc3 a6 6. Be3 e6 7. Qd2 b5 8. a3 Bb7 9. f3 Be7 10. O-O-O Qc7 11. g4 Nfd7 12. h4 Ne5 13. g5 Nbd7 14. f4 Nc4 15. Bxc4 Qxc4 16. f5 e5 17. Nb3 a5 18. Nd5 a4 19. Na5 Qa2 20. Qb4 Bxd5 21. exd5 O-O-O 22. Qxb5 1-0


[Site "https://www.chess.com"]

[Event "Titled Tuesday Blitz June 13 Late 2023"]
[White "Estrada Nieto, Julian"]
[Black "Bellahcene, Bilel"]
[WhiteFideId "5101018"]
[BlackFideId "696358"]
[WhiteElo "2161"]
[BlackElo "2552"]
[Result "0-1"]
[Round "3"]
[TimeControl "180+2"]
[Date "2023.06.13"]
[WhiteClock "0:00:00"]
[BlackClock "0:00:49"]
[Board "78"]

1. e4 c5 2. Nf3 d6 3. Bb5+ Nd7 4. d4 cxd4 5. Qxd4 a6 6. Bxd7+ Qxd7 7. Nc3 e5 8. Qd3 f5 9. Nd5 fxe4 10. Qxe4 Nf6 11. Nxf6+ gxf6 12. Qh4 Rg8 13. Bh6 Bxh6 14. Qxh6 Rg6 15. Qh5 Qg4 16. Qxh7 Qe4+ 17. Kf1 Qc4+ 18. Kg1 Bf5 19. Qh5 Bxc2 20. Nh4 Qg4 21. Qh8+ Rg8 22. Qxf6 Kd7 23. h3 Qc4 24. b3 Qd5 25. Kh2 Raf8 26. Qh6 Rxf2 27. Rac1 Rgxg2+ 0-1


[Site "https://www.chess.com"]